 Dungeon Crawl Stone Soup version 0.31-a0-1612-g4aaf141 (webtiles) character file.

Game seed: 5654745714893849570

200 PidgeyThePirate the Chopper (level 5, 0/42 HPs)
             Began as a Demonspawn Chaos Knight on Jan 8, 2024.
             Was a Plaything of Xom.
             Killed from afar by an orc wizard (8 damage)
             ... with a magic dart
             ... on level 3 of the Dungeon.
             The game lasted 00:04:25 (2039 turns).

PidgeyThePirate the Chopper (DsCK)                  Turns: 2039, Time: 00:04:25

Health: 0/42       AC:  6    Str: 15    XL:     5   Next: 48%
Magic:  5/5        EV: 11    Int: 12    God:    Xom [*.....]
Gold:   102        SH:  0    Dex: 12    Spells: 4/4 levels left

rFire   . . .        a - +0 hand axe (chaos)
rCold   . . .        (no shield)
rNeg    . . .        s - +0 ring mail
rPois   .            o - +0 helmet
rElec   .            (no cloak)
rCorr   .            (no gloves)
SInv    .            (no boots)
Will    .....        (no amulet)
Stlth   +            (no ring)
HPRegen 0.27/turn    (no ring)
MPRegen 0.09/turn

%: no passive effects
@: no status effects
A: demonic guardian 2, sturdy frame 1
a: Renounce Religion


You were on level 3 of the Dungeon.
You worshipped Xom.
You were a special plaything of Xom.
You visited 1 branch of the dungeon, and saw 3 of its levels.

You collected 102 gold pieces.

Inventory:

Hand Weapons
 a - a +0 hand axe of chaos (weapon)
Armour
 b - a +2 leather armour
 o - a +0 helmet (worn)
 s - a +0 ring mail (worn)
Wands
 n - a wand of iceblast (8)
Scrolls
 c - a scroll of butterflies
 g - a scroll of amnesia {unknown}
 h - 4 scrolls of identify {unknown}
 j - a scroll of blinking {unknown}
 k - a scroll of acquirement {unknown}
 l - a scroll of immolation {unknown}
 p - a scroll of teleportation {unknown}
Potions
 d - a potion of curing {unknown}
 e - a potion of might {unknown}
 f - a potion of berserk rage {unknown}
 i - a potion of degeneration {unknown}
 m - a potion of heal wounds {unknown}
 q - a potion of ambrosia {unknown}
 r - a potion of attraction {unknown}


   Skills:
 + Level 3.9 Fighting
 + Level 4.5 Axes
 + Level 1.9 Armour
 + Level 1.9 Dodging
 + Level 1.3 Stealth


You had 4 spell levels left.
You didn't know any spells.
Your spell library contained the following spells:

 Spells                   Type           Power      Damage    Failure   Level
 Call Imp                 Summ           0%         N/A       56%         2
 Sublimation of Blood     Necr           0%         N/A       56%         2
 Summon Hydra             Summ           0%         N/A       100%        7


Dungeon Overview and Level Annotations

Branches:
Dungeon (3/15)

Altars:
Gozag


Innate Abilities, Weirdness & Mutations

A demonic guardian rushes to your aid.
Your movements are slightly less encumbered by armour. (ER -2)


Message History

You bump into the rock wall.
Something hits you.
You closely miss something. Something hits you but does no damage.
You hit something. Something hits you. Something hits you but does no damage.
You miss something. Something hits you but does no damage.
You bump into the rock wall.
Something hits you.
You feel less confused. Something hits you but does no damage.
Something hits you but does no damage. Something hits you. Something hits you.
You hit something. You freeze something. Something hits you.
You barely miss something. Something hits you but does no damage.
You miss something.
You hear some strange, mumbled words.
A magic dart appears from out of thin air!
The magic dart hits you!
You emit a cloud of colourful smoke!
You miss something. Something hits you but does no damage.
You closely miss something.
You hear some strange, mumbled words.
A magic dart appears from out of thin air!
The magic dart hits you.
You closely miss something.
You hear some strange, mumbled words.
A puff of flame appears from out of thin air!
The puff of flame hits you.
* * * LOW HITPOINT WARNING * * *
You closely miss something.
You hear some strange, mumbled words.
A magic dart appears from out of thin air!
The magic dart hits you.
* * * LOW HITPOINT WARNING * * *
A demonic guardian appears!
You miss something. Something hits you but does no damage.
You closely miss something.
You hear some strange, mumbled words.
A magic dart appears from out of thin air!
The magic dart hits you!
You die... "I guess I need a new plaything now."

#..... ..# #....#
..# #....# #....#
#...)### #....#
####)#....# #####
#.4{§# ##..# ....#
#..@§# . ###.#
#.☼§☼# #...# #....#
#.############....#
#............'....#
#....#########....#
##.#.# #....#
...#.# #....#
.###.# #....#


You could see a friendly orange demon (summoned).

Vanquished Creatures
  An orc priest (D:3)
  3 gnolls (D:2)
  5 adders
  3 dart slugs
  2 ribbon worms
  6 orcs (D:3)
  5 bats
  9 endoplasms
  6 giant cockroaches
  2 hobgoblins
  2 jackals (D:1)
  5 kobolds (D:2)
  2 quokkas
  9 ball pythons
  4 frilled lizards
  7 goblins
  4 rats
75 creatures vanquished.

Vanquished Creatures (collateral kills)
  A ribbon worm (D:3)
  A ball python (D:2)
  A frilled lizard (D:2)
3 creatures vanquished.

Grand Total: 78 creatures vanquished

Notes
Turn   | Place    | Note
-------+----------+-------------------------------------------
     0 | D:1      | PidgeyThePirate the Demonspawn Chaos Knight began the quest
                  | for the Orb.
     0 | D:1      | Reached XP level 1. HP: 18/18 MP: 1/1
    49 | D:1      | XOM: silly message
   100 | D:1      | Reached skill level 3 in Axes
   124 | D:1      | XOM: silly message
   172 | D:1      | Gained mutation: Your movements are slightly less
                  | encumbered by armour. (ER -2) [demonic ancestry]
   172 | D:1      | Reached XP level 2. HP: 24/24 MP: 2/2
   338 | D:1      | XOM: silly message
   480 | D:1      | Reached skill level 1 in Dodging
   502 | D:1      | Reached XP level 3. HP: 28/29 MP: 3/3
   638 | D:1      | XOM: divination: detect items
   977 | D:2      | Gained mutation: A weak demonic guardian rushes to your
                  | aid. [demonic ancestry]
   977 | D:2      | Reached XP level 4. HP: 32/36 MP: 4/4
   977 | D:2      | XOM: potion effect (brilliance)
  1001 | D:2      | Reached skill level 4 in Axes
  1333 | D:2      | XOM: cloud trail
  1338 | D:2      | XOM: silly message
  1445 | D:2      | XOM: cloud trail
  1508 | D:2      | XOM: god gift: black potion {god gift}
  1735 | D:3      | Reached skill level 1 in Stealth
  1735 | D:3      | Gained mutation: A demonic guardian rushes to your aid.
                  | [demonic ancestry]
  1735 | D:3      | Reached XP level 5. HP: 25/42 MP: 5/5
  1851 | D:3      | Found an opulent altar of Gozag.
  1854 | D:3      | XOM: silly message
  2033 | D:3      | XOM: smoke on damage
  2039 | D:3      | Killed from afar by an orc wizard

Illustrated notes

Levels and vault maps discovered:
D:1:      beargit_arrival_diablo_church, layout_basic, hex_tiny
D:2:      minmay_diamond_boxcup, layout_loops_ring, basic_altar
D:3:      layout_basic, grunt_gozag_statues, hellmonk_sif_muna_bookshelves,
          grunt_decor_junction

Skill      XL: |  1  2  3  4 |
---------------+-------------+-----
Axes           | 3 4 |  4.5
Dodging        | 1 |  1.9
Stealth        | 1 |  1.3
Fighting       | |  3.9
Armour         | |  1.9

Action                     |  1- 3 |  4- 6 || total
---------------------------+-------+-------++-------
  Melee: Hand axe          |   100 |   111 ||   211
   Stab: Paralysed         |     1 |       ||     1
         Confused          |     1 |       ||     1
         Sleeping          |       |     1 ||     1
         Petrified         |       |     4 ||     4
         Petrifying        |       |     1 ||     1
 Armour: Leather armour    |    69 |    47 ||   116
         Ring mail         |       |    45 ||    45
  Dodge: Dodged            |    78 |    59 ||   137

Table legend: (Time is in decaauts)
 A = Elapsed time spent in this place.
 B = Non-inter-level travel time spent in this place.
 C = Inter-level travel time spent in this place.
 D = Time resting spent in this place.
 E = Time spent auto-exploring this place.
 F = Levels seen in this place.
 G = Mean time per level.
                   A        B        C        D        E       F      G
               +--------+--------+--------+--------+--------+-----+--------+
         Total |   2062 |   2040 |     22 |      0 |   1399 |   3 |  687.3 |
       Dungeon |   2062 |   2040 |     22 |      0 |   1399 |   3 |  687.3 |
               +--------+--------+--------+--------+--------+-----+--------+

Top non-repeatable levels by time:
     D:2: 892 daAuts
     D:1: 688 daAuts
     D:3: 481 daAuts
